 Dungeon Crawl Stone Soup version 0.21-a0-480-g5da0f0d (webtiles) character file.

91 slep the Slasher (level 4, -1/37 HPs)
             Began as a Hill Orc Gladiator on Nov 23, 2017.
             Slain by Natasha (6 damage)
             ... on level 2 of the Dungeon.
             The game lasted 00:04:11 (1105 turns).

slep the Slasher (Hill Orc Gladiator)               Turns: 1105, Time: 00:04:12

Health: -1/37      AC:  9    Str: 21    XL:     4   Next: 59%
Magic:  4/4        EV: 12    Int:  8    God:
Gold:   92         SH:  0    Dex: 13    Spells: 3/3 levels left

rFire    . . .     SeeInvis .   a - +0 long sword
rCold    . . .     Gourm    .   (no shield)
rNeg     + . .     Faith    .   e - +3 ring mail
rPois    .         Spirit   .   c - +0 helmet
rElec    .         Reflect  .   (no cloak)
rCorr    .         Harm     .   (no gloves)
MR       .....                  (no boots)
Stlth    +.........             (no amulet)
HPRegen  0.12/turn              g - ring of positive energy
MPRegen  0.09/turn              (no ring)

@: mighty
A: no striking features
a: no special abilities


You were on level 2 of the Dungeon.
You were not hungry.

You visited 1 branch of the dungeon, and saw 2 of its levels.

You collected 92 gold pieces.

Inventory:

Hand Weapons
 a - a +0 long sword (weapon)
Missiles
 d - 3 throwing nets (quivered)
Armour
 b - a +0 leather armour
 c - a +0 helmet (worn)
 e - a +3 ring mail (worn)
Jewellery
 g - a ring of positive energy (left hand)
Scrolls
 k - a scroll of amnesia {unknown}
 l - a scroll of magic mapping {unknown}
 n - a scroll of fear {unknown}
Potions
 h - a potion of might
Comestibles
 f - 2 bread rations
 i - 4 meat rations
 j - a royal jelly
 m - 3 chunks of flesh


   Skills:
 + Level 2.8 Fighting
 + Level 4.5 Long Blades
 + Level 2.1 Throwing
 + Level 1.3 Armour
 + Level 2.9 Dodging


You had 3 spell levels left.
You didn't know any spells.

Dungeon Overview and Level Annotations

Branches:
Dungeon (2/15)

Altars:

Annotations:
D:2 Natasha


Message History

You butcher the dart slug corpse.
m - 3 chunks of flesh (gained 2)
You feel sick.
You are no longer poisoned.
Natasha, Servant of Life and Death comes into view.
Natasha hisses angrily.
It was a potion of might.
You feel very mighty all of a sudden.
Found a glowing mace.
Natasha misses you.
You riposte.
You closely miss Natasha. You closely miss Natasha. Natasha closely misses you.
You barely miss Natasha. Natasha barely misses you.
You closely miss Natasha. Natasha claws you.
* * * LOW HITPOINT WARNING * * *
You miss Natasha.
Natasha extends her claws.
Natasha claws you.
* * * LOW HITPOINT WARNING * * *
Natasha claws you.
You die...

#.#.. ..... ####.#..
.....######## #.......
............# #.#.#..)
............# #.#.....
#...........#####......#
#...........#.....####.#
............#.....+.....
......h@....#.....####..
............#........#..
............#..........#
.)..........#.....###..#
..................#...<#
.....................)##
...###..................
..# #...............##.
#.......######... .


You could see Natasha.

Vanquished Creatures
  Natasha (D:2)
  A gnoll (D:1)
  An adder (D:2)
  2 dart slugs
  5 giant cockroaches
  5 goblins
  6 hobgoblins (D:1)
  2 jackals (D:1)
  4 kobolds
  A ball python (D:1)
  9 bats (D:1)
  A frilled lizard (D:1)
  3 rats (D:1)
41 creatures vanquished.

Notes
Turn   | Place    | Note
-------+----------+-------------------------------------------
     0 | D:1      | slep the Hill Orc Gladiator began the quest for the Orb.
     0 | D:1      | Reached XP level 1. HP: 18/18 MP: 1/1
    90 | D:1      | Reached XP level 2. HP: 24/25 MP: 2/2
   234 | D:1      | Reached XP level 3. HP: 26/30 MP: 3/3
   510 | D:1      | Reached skill level 4 in Long Blades
  1042 | D:2      | Noticed Natasha
  1049 | D:2      | Killed Natasha
  1049 | D:2      | Reached XP level 4. HP: 16/37 MP: 4/4
  1087 | D:2      | Reached skill level 1 in Armour
  1098 | D:2      | Noticed Natasha
  1105 | D:2      | Slain by Natasha

Vault maps used:
D:1:      co_arrival_random_square_maze, serial_glass, glass_columns_a,
          glass_columns_c, supply_closet_lemuel, serial_park_tiny_1
D:2:      lemuel_upstairs_altar, uniq_natasha

Skill      XL: |  1  2  3  4 |
---------------+-------------+-----
Throwing       | 2 |  2.1
Long Blades    | 4 |  4.5
Armour         | 1 |  1.3
Fighting       | |  2.8
Dodging        | |  2.9

Action                   |  1- 3 |  4- 6 || total
-------------------------+-------+-------++-------
Melee: Long sword        |    87 |    19 ||   106
  Use: Potion            |       |     1 ||     1
  Eat: Chunk             |       |     1 ||     1
Armor: Leather armour    |    16 |       ||    16
       Ring mail         |    28 |    10 ||    38
Dodge: Dodged            |    75 |    21 ||    96
       Rpst.: Long sword |    22 |     5 ||    27

Table legend:
 A = Spawn XP
 B = Non-spawn XP
 C = Spawn XP percentage of total XP
 D = Spawn monster count
 E = Non-spawn monster count
 F = Spawn count percentage of total count
 G = Total turns spent on level
                    A         B        C        D         E        F      G
               +---------+---------+-------+---------+---------+-------+---------
         Total |       0 |     131 |   0.0 |       0 |      41 |   0.0 |  1105
               +---------+---------+-------+---------+---------+-------+---------
           D:1 |       0 |      74 |   0.0 |       0 |      35 |   0.0 |  1042
           D:2 |       0 |      57 |   0.0 |       0 |       6 |   0.0 |    63
               +---------+---------+-------+---------+---------+-------+---------
